 Dungeon Crawl Stone Soup version 0.29-a0-559-g359e09b9d1 (webtiles) character file.

Game seed: 13972663621793199647

24228 Salna the Destroyer (level 12, -3/100 HPs)
             Began as a Demonspawn Conjurer on June 9, 2022.
             Was a High Priest of Vehumet.
             Slain by a sun demon (7 damage)
             ... in a volcano.
             The game lasted 00:34:48 (14487 turns).

Salna the Destroyer (Demonspawn Conjurer)          Turns: 14487, Time: 00:34:48

Health: -3/100     AC:  6    Str: 11    XL:     12   Next: 78%
Magic:  0/25       EV: 13    Int: 23    God:    Vehumet [*****.]
Gold:   1205       SH:  5    Dex: 13    Spells: 12/29 levels left

rFire   + . .      SeeInvis .   I - +5 falchion of Ozodoz {protect, Str+3}
rCold   . . .      Faith    .   x - +0 buckler
rNeg    . . .      Spirit   +   U - +0 troll leather armour
rPois   .          Reflect  .   (helmet restricted)
rElec   .          Harm     .   W - scarf {repulsion}
rCorr   .          Rampage  .   (no gloves)
Will    .....                   (no boots)
Stlth   ++........              F - amulet of magic regeneration
HPRegen 1.06/turn               m - ring of wizardry
MPRegen 0.78/turn               L - ring of protection from fire

@: repel missiles
A: antennae 2, rugged brown scales 2, icemail 1, magic shield, magic
regeneration, condensation shield, bedeviling
a: Renounce Religion


You were in a volcano.
You worshipped Vehumet.
Vehumet was extremely pleased with you.
You visited 4 branches of the dungeon, and saw 16 of its levels.
You also visited: Volcano.

You collected 1775 gold pieces.
You spent 570 gold pieces at shops.

Inventory:

Hand Weapons
 I - the +5 falchion of Ozodoz (weapon) {protect, Str+3}
   (You found it on level 6 of the Dungeon)

   It grants its wielder temporary protection when it strikes (+7 to AC).
   Str:       It affects your strength (+3).
Armour
 x - a +0 buckler (worn)
 U - a +0 troll leather armour (worn)
 W - a scarf of repulsion (worn)
Magical Staves
 u - a staff of earth
Jewellery
 m - a ring of wizardry (left hand)
 s - a ring of ice
 F - an amulet of magic regeneration (around neck)
 L - a ring of protection from fire (right hand)
Wands
 h - a wand of flame (11)
 R - a wand of digging (4)
 S - a wand of iceblast (5)
 V - a wand of acid (4)
Scrolls
 c - 4 scrolls of amnesia
 d - 7 scrolls of identify
 g - 7 scrolls of teleportation
 i - 3 scrolls of magic mapping
 o - a scroll of enchant armour {unknown}
 q - 4 scrolls of immolation {unknown}
 t - 3 scrolls of brand weapon {unknown}
 y - 4 scrolls of blinking {unknown}
 B - 3 scrolls of poison {unknown}
 C - 3 scrolls of fog {unknown}
 D - 2 scrolls of summoning {unknown}
 G - 3 scrolls of fear {unknown}
 O - a scroll of silence {unknown}
 Q - a scroll of enchant weapon {unknown}
 X - a scroll of noise {unknown}
Potions
 e - a potion of ambrosia
 j - 4 potions of haste {unknown}
 l - 2 potions of brilliance {unknown}
 n - a potion of resistance {unknown}
 r - 8 potions of curing {unknown}
 w - 2 potions of lignification {unknown}
 z - 2 potions of invisibility {unknown}
 A - 3 potions of attraction {unknown}
 E - 3 potions of flight {unknown}
 H - 2 potions of heal wounds {unknown}
 J - a potion of degeneration {unknown}
 N - a potion of mutation {unknown}
 Z - a potion of might {unknown}


   Skills:
 + Level 9.4 Fighting
 + Level 4.8 Armour
 + Level 5.4 Dodging
 - Level 1.7 Stealth
 - Level 4.0 Shields
 + Level 9.2 Spellcasting
 - Level 11.0 Conjurations
 + Level 2.9 Necromancy
 + Level 8.6 Translocations
 + Level 3.1 Earth Magic


You had 12 spell levels left.
You knew the following spells:

 Your Spells              Type           Power      Damage    Failure   Level
a - Magic Dart            Conj           100%       1d8       1%          1
b - Searing Ray           Conj           100%       2d8       1%          2
c - Iskenderun's Mystic   Conj/Tloc      54%        2d12      1%          4
d - Lee's Rapid Deconstr  Erth           12%        3d10*     9%          5
e - Borgnjor's Vile Clut  Necr/Erth      12%        N/A       32%         5

Your spell library contained the following spells:

 Spells                   Type           Power      Damage    Failure   Level
 Foxfire                  Conj/Fire      100%       2x1d9     1%          1
 Sublimation of Blood     Necr           24%        N/A       1%          2
 Conjure Flame            Conj/Fire      35%        6-21      1%          3
 Dazzling Flash           Conj/Hex       100%       N/A       1%          3
 Mephitic Cloud           Conj/Pois/Air  27%        N/A       1%          3
 Flame Wave               Conj/Fire      35%        2d8       1%          4
 Fulminant Prism          Conj/Hex       26%        3d14      1%          4
 Passage of Golubria      Tloc           50%        N/A       1%          4
 Ignite Poison            Fire/Tmut/Pois 10%        N/A       3%          3
 Inner Flame              Hex/Fire       16%        N/A       3%          3
 Fireball                 Conj/Fire      17%        3d9       3%          5
 Call Imp                 Summ           10%        N/A       6%          2
 Wereblood                Tmut           10%        N/A       6%          2
 Freezing Cloud           Conj/Ice/Air   13%        6-21      8%          5
 Tukima's Dance           Hex            16%        N/A       12%         3
 Starburst                Conj/Fire      17%        6d6       17%         6
 Yara's Violent Unravell  Hex/Tmut       8%         3d5       28%         5
 Alistair's Intoxication  Tmut/Pois      6%         N/A       71%         5
 Eringya's Noxious Bog    Tmut/Pois      5%         N/A       77%         6
 Summon Hydra             Summ           5%         N/A       100%        7
 Ignition                 Fire           5%         3d4       100%        8


Dungeon Overview and Level Annotations

Branches:
Dungeon (10/15)            Temple (1/1) D:6            Lair (3/6) D:8
  Snake (0/4) Lair:3          Orc (2/2) D:9         Volcano (1/1)
  Swamp: Lair:2-4    Shoals: Lair:2-4       Elf: Orc:2

Altars:
Cheibriados
Dithmenos
Elyvilon
Gozag
Hepliaklqana
Kikubaaqudgha
Makhleb
Nemelex Xobeh
Okawaru
Qazlal
Ru
Sif Muna
Trog
Uskayaw
Vehumet
Wu Jian
Xom
Yredelemnul
The Shining One
Lugonu

Shops:
D:1 (   D:9 :


Innate Abilities, Weirdness & Mutations

You have a pair of antennae on your head.
You are mostly covered in rugged brown scales. (AC +2, +5% HP)
A meltable icy envelope protects you from harm. (AC +0)
When hurt, damage is shared between your health and your magic reserves.
You regenerate magic rapidly.
A meltable shield of frost defends you. (SH +0)
Your hexes are more powerful.


Message History

The sun demon is knocked back by the mystic blast.
The sun demon slams into the rock wall!
The sun demon is moderately wounded.
The mystic blast hits the sun demon.
The sun demon is heavily wounded.
The sun demon is knocked back by the mystic blast.
Casting: Iskenderun's Mystic Blast (safe; 1% risk of failure)
Confirm with . or Enter, or press ? or * to list all spells.
Aiming: Searing Ray (safe; 1% risk of failure)
Press: ? - help, Shift-Dir - straight line, f - sun demon
Aim: a sun demon (heavily wounded, 79% to hit)
The searing ray hits the sun demon!
The sun demon is severely wounded.
The searing ray hits the sun demon.
The sun demon is moderately wounded. (Press . to maintain the ray.)
The sun demon hits you!!
You are engulfed in flames.
You resist.
Unknown command.
Unknown command.
The searing ray hits the sun demon.
The sun demon is severely wounded.
The searing ray hits the sun demon.
The sun demon is heavily wounded.
The sun demon hits you!
You are engulfed in flames.
You resist.
The searing ray hits the sun demon!
The sun demon is almost dead.
The sun demon misses you. The sun demon closely misses you.
The sun demon hits you!
You are engulfed in flames.
You resist.
* * * LOW HITPOINT WARNING * * *
The searing ray hits the sun demon but does no damage.
The sun demon is almost dead.
You finish channelling your searing ray.
The sun demon hits you!
* * * LOW HITPOINT WARNING * * *
You are engulfed in flames!
You resist.
* * * LOW HITPOINT WARNING * * *
The sun demon hits you!
* * * LOW HITPOINT WARNING * * *
You are engulfed in flames!
You resist.
You die...

##.§...............
#...†..............
#.....#≈...........
##...####........§#
#..§# ##......#§#
##...### ##.≈.#####
#.§#§≈.# #....§
##§§#.### #.....#
#3@#§§§§##......#
##33§§§..§.......##
#....#.§..........
##.≈#.......##...§.
#...≈...§§. #§..
##.##.§≈..# #.§§
#...§#### ##..
#...{# ### ##..3#


You could see 3 sun demons.

Vanquished Creatures
  Erolcha (Orc:1)
  2 two-headed ogres
  2 sun demons (Volcano)
  Pikel (D:9)
  An orc sorcerer (Orc:2)
  Maurice (Orc:1)
  Joseph (D:9)
  6 cane toads
  5 smoke demons (Volcano)
  6 komodo dragons
  A kobold demonologist (D:10)
  3 trolls
  6 wyverns
  26 yaks
  A basilisk (Lair:2)
  5 steam dragons
  Grum (D:8)
  2 hell hounds (Volcano)
  2 wargs (Orc:2)
  14 two-headed ogre zombies (Orc:1)
  12 water moccasins
  2 black bears
  10 orc warriors
  2 sky beasts
  2 ice beasts
  7 ogres
  5 wolves
  A centaur (D:9)
  A lemure (D:9)
  A kobold brigand (D:7)
  3 phantoms
  5 bullfrogs
  5 scorpions
  A necrophage (D:6)
  7 wights
  5 killer bees (D:8)
  2 jellies
  6 hounds
  20 orc priests
  10 orc wizards
  7 iguanas
  4 gnolls (Orc:2)
  4 adders
  2 white imps
  3 worms
  3 dart slugs
  63 orcs
  9 bats
  4 endoplasms
  7 giant cockroaches
  4 goblins
  6 hobgoblins
  5 jackals
  11 kobolds
  2 quokkas (D:1)
  4 ball pythons
  2 frilled lizards (D:3)
  A rat (D:2)
335 creatures vanquished.

Vanquished Creatures (others)
  7 fungi
  10 plants
17 creatures vanquished.

Grand Total: 352 creatures vanquished

Notes
Turn   | Place    | Note
-------+----------+-------------------------------------------
     0 | D:1      | Salna the Demonspawn Conjurer began the quest for the Orb.
     0 | D:1      | Reached XP level 1. HP: 13/13 MP: 3/3
   347 | D:1      | Gained mutation: A meltable shield of frost defends you.
                  | (SH +0) [demonic ancestry]
   347 | D:1      | Reached XP level 2. HP: 19/19 MP: 0/5
   814 | D:1      | Found Koyrhapt's Weapon Shop.
  1308 | D:2      | Gained mutation: You regenerate magic rapidly. [demonic
                  | ancestry]
  1308 | D:2      | Reached XP level 3. HP: 24/24 MP: 2/6
  1311 | D:2      | Learned a level 2 spell: Searing Ray
  1467 | D:2      | Reached skill level 5 in Conjurations
  2495 | D:3      | Found a radiant altar of Vehumet.
  2688 | D:3      | Gained mutation: When hurt, damage is shared between your
                  | health and your magic reserves. [demonic ancestry]
  2688 | D:3      | Reached XP level 4. HP: 30/30 MP: 5/7
  2693 | D:3      | Learned a level 4 spell: Iskenderun's Mystic Blast
  2835 | D:3      | Found a faded altar of an unknown god.
  3188 | D:4      | Reached skill level 1 in Fighting
  3188 | D:4      | Reached skill level 1 in Translocations
  3188 | D:4      | Reached XP level 5. HP: 32/37 MP: 4/9
  3370 | D:4      | Found an iron altar of Okawaru.
  3452 | D:4      | Noticed a phantom
  3460 | D:4      | Killed a phantom
  3532 | D:4      | Reached skill level 1 in Shields
  3577 | D:4      | Gained mutation: You have a pair of small antennae on your
                  | head. [demonic ancestry]
  3577 | D:4      | Reached XP level 6. HP: 44/44 MP: 6/10
  3962 | D:5      | Entered Level 5 of the Dungeon
  4088 | D:5      | Reached skill level 6 in Conjurations
  4135 | D:5      | Gained mutation: You are partially covered in rugged brown
                  | scales. (AC +1, +3% HP) [demonic ancestry]
  4135 | D:5      | Reached XP level 7. HP: 27/52 MP: 2/12
  4701 | D:5      | Found a hazy altar of Hepliaklqana.
  4839 | D:5      | Reached XP level 8. HP: 59/59 MP: 8/14
  4918 | D:5      | Found a hide-covered altar of Uskayaw.
  5105 | D:5      | Found a hazy altar of Hepliaklqana.
  5884 | D:6      | Reached skill level 7 in Conjurations
  6237 | D:6      | Reached skill level 5 in Spellcasting
  6271 | D:6      | Found an opulent altar of Gozag.
  6581 | D:6      | Identified the +5 falchion of Ozodoz {protect, Str+3}
  6660 | D:6      | Identified the +4 chain mail "Sojifak" {rPois}
  6821 | D:6      | Gained mutation: A meltable icy envelope protects you from
                  | harm. (AC +0) [demonic ancestry]
  6821 | D:6      | Reached XP level 9. HP: 67/67 MP: 13/16
  6905 | D:6      | Found a staircase to the Ecumenical Temple.
  6913 | Temple   | Entered the Ecumenical Temple
  7126 | D:3      | Became a worshipper of Vehumet
  7416 | D:7      | Reached skill level 5 in Fighting
  8115 | D:8      | Found a staircase to the Lair.
  8136 | D:8      | Reached skill level 5 in Translocations
  8137 | D:8      | Reached skill level 8 in Conjurations
  8494 | D:8      | Noticed Grum
  8498 | D:8      | Gained mutation: Your hexes are more powerful. [demonic
                  | ancestry]
  8498 | D:8      | Reached XP level 10. HP: 59/79 MP: 7/19
  8504 | D:8      | Killed Grum
  8754 | D:8      | Reached * piety under Vehumet
  8754 | D:8      | Offered knowledge of Freeze by Vehumet.
  8922 | D:8      | Noticed a two-headed ogre
  9068 | D:8      | Killed a two-headed ogre
  9069 | D:8      | Reached skill level 9 in Conjurations
  9118 | D:8      | Found a stormy altar of Qazlal.
  9118 | D:8      | Found a shimmering altar of Xom.
  9133 | D:8      | Found a snail-covered altar of Cheibriados.
  9356 | Lair:1   | Entered Level 1 of the Lair of Beasts
  9360 | Lair:1   | Noticed a cane toad
  9665 | D:9      | Noticed Pikel
  9673 | D:9      | Killed Pikel
  9686 | D:9      | Noticed a two-headed ogre
  9699 | D:9      | Killed a two-headed ogre
  9700 | D:9      | Reached skill level 1 in Armour
  9700 | D:9      | Gained mutation: You have a pair of antennae on your head.
                  | [demonic ancestry]
  9700 | D:9      | Reached XP level 11. HP: 81/87 MP: 1/22
  9804 | D:9      | Found Ysugraib's Book Emporium.
  9849 | D:9      | Reached ** piety under Vehumet
  9849 | D:9      | Offered knowledge of Poisonous Vapours by Vehumet.
  9908 | D:9      | Found a staircase to the Orcish Mines.
 10507 | D:9      | Noticed Joseph
 10518 | D:9      | Killed Joseph
 10691 | D:9      | Offered knowledge of Inner Flame by Vehumet.
 11394 | D:10     | Entered Level 10 of the Dungeon
 11458 | Orc:1    | Entered Level 1 of the Orcish Mines
 11471 | Orc:1    | Reached *** piety under Vehumet
 11480 | Orc:1    | Reached skill level 10 in Conjurations
 11662 | Orc:1    | Offered knowledge of Olgreb's Toxic Radiance by Vehumet.
 11731 | Orc:1    | Noticed Erolcha
 11746 | Orc:1    | Killed Erolcha
 11874 | Orc:1    | Noticed an orc sorcerer
 11880 | Orc:1    | Noticed a sun demon
 11892 | Orc:2    | Entered Level 2 of the Orcish Mines
 11895 | Orc:2    | Killed an orc sorcerer
 11906 | Orc:2    | Noticed an orc warlord
 12136 | Orc:1    | Noticed Maurice
 12146 | Orc:1    | Killed Maurice
 12299 | Orc:1    | Learned a level 5 spell: Lee's Rapid Deconstruction
 12342 | Orc:2    | Reached **** piety under Vehumet
 12345 | Orc:2    | Offered knowledge of Flame Wave by Vehumet.
 12414 | Orc:2    | Gained mutation: You are mostly covered in rugged brown
                  | scales. (AC +2, +5% HP) [demonic ancestry]
 12414 | Orc:2    | Reached XP level 12. HP: 76/98 MP: 13/24
 12557 | Orc:2    | Reached skill level 1 in Earth Magic
 12592 | D:9      | Bought Great Wizards, Vol. II for 570 gold pieces
 12598 | D:9      | Learned a level 5 spell: Borgnjor's Vile Clutch
 13626 | Lair:2   | Reached skill level 1 in Necromancy
 14016 | Lair:2   | Reached skill level 5 in Dodging
 14299 | Lair:3   | Found a dark tunnel.
 14305 | Volcano  | Entered a volcano
 14423 | Volcano  | Reached ***** piety under Vehumet
 14434 | Volcano  | Reached skill level 11 in Conjurations
 14487 | Volcano  | HP: 4/100 [sun demon (8)]
 14487 | Volcano  | Slain by a sun demon

Illustrated notes

Levels and vault maps discovered:
D:1:      heliophobic_arrival_enchanted_forest, layout_basic, serial_shops,
          nicolae_square_shop, minmay_misc_feat_columns, minmay_crystal_water,
          glass_columns_a
D:2:      layout_loops_ring, kennysheep_generic_room_15
D:3:      layout_basic, vehumet_crystals, basic_ecumenical_altar
D:4:      layout_cave_pools, okawaru_ov_weapons_minmay
D:5:      layout_cave_pools, nicolae_hepliaklqana_hippocampus,
          nicolae_uskayaw_dance_hall, minmay_ruined_shrine
D:6:      layout_loops_ring, mainiacjoe_overflow_chevrons, temple_doors_ab
D:7:      layout_basic
D:8:      layout_basic, nicolae_overflow_hidden_temple, minmay_lair_entry_grove,
          grunt_decor_mini_mirrors, amethyst_killhole, uniq_grum
D:9:      layout_layer_cave, hiddenorc2_lemuel, serial_shops, shop, uniq_pikel,
          uniq_joseph
D:10:     layout_cave_pools, zin_academy, uniq_harold
Temple:   kb_corrupted_temple
Lair:1:   layout_hall_layers, st_stairs_9
Lair:2:   layout_roguey
Lair:3:   beast_lair_carwin_large_3, layout_chaotic_city,
          minmay_snake_entry_guardpost_small, nicolae_volcano_entry_s_turn
Orc:1:    lemuel_ogre_cave, layout_caves, uniq_maurice
Orc:2:    st_orc_rangers, layout_diamond_mine
Volcano:  hellmonk_smoking_crater

Skill      XL: |  1  2  3  4  5  6  7  8  9 10 11 12 |
---------------+-------------------------------------+-----
Conjurations   | 5 6 7 8 9 10 11 | 11.0
Fighting       | 1 2 3 4 6 7 8 9 |  9.4
Translocations | 1 2 3 4 5 7 8 |  8.6
Spellcasting   | 3 4 5 6 7 8 9 |  9.2
Shields        | 1 2 4 |  4.0
Armour         | 1 3 4 |  4.8
Dodging        | 2 4 5 |  5.4
Earth Magic    | 3 |  3.1
Necromancy     | 2 |  2.9
Stealth        | |  1.7

Action                   |  1- 3 |  4- 6 |  7- 9 | 10-12 || total
-------------------------+-------+-------+-------+-------++-------
Melee: Unarmed           |     8 |       |       |       ||     8
       Mace              |     9 |    12 |    32 |       ||    53
       Falchion          |       |       |    23 |   112 ||   135
 Cast: Magic Dart        |    92 |    90 |   131 |     7 ||   320
       Searing Ray       |       |     3 |    23 |     8 ||    34
       Iskenderun's Myst |       |       |    26 |   291 ||   317
       Lee's Rapid Decon |       |       |       |     1 ||     1
  Use: Potion            |       |       |       |     2 ||     2
       Scroll            |       |       |       |     6 ||     6
 Stab: Sleeping          |     1 |       |       |       ||     1
Armor: Robe              |     5 |     2 |    39 |    31 ||    77
       Troll leather arm |       |       |       |    39 ||    39
Dodge: Dodged            |    21 |    18 |    56 |   116 ||   211
Block: Other             |    13 |     5 |       |       ||    18
       Buckler           |       |     7 |    76 |    96 ||   179
       Reflection        |       |       |     1 |       ||     1

Table legend: (Time is in decaauts)
 A = Elapsed time spent in this place.
 B = Non-inter-level travel time spent in this place.
 C = Inter-level travel time spent in this place.
 D = Time resting spent in this place.
 E = Time spent auto-exploring this place.
 F = Levels seen in this place.
 G = Mean time per level.
                   A        B        C        D        E       F      G
               +--------+--------+--------+--------+--------+-----+--------+
         Total |  14573 |  13664 |    909 |    155 |  11302 |  17 |  857.2 |
       Dungeon |  11402 |  10711 |    691 |    108 |   9128 |  10 | 1140.2 |
        Temple |    161 |    110 |     51 |      0 |     95 |   1 |  161.0 |
          Lair |   1681 |   1589 |     92 |      0 |   1304 |   3 |  560.3 |
  Orcish Mines |   1145 |   1070 |     75 |     47 |    678 |   2 |  572.5 |
       Volcano |    181 |    181 |      0 |      0 |     97 |   1 |  181.0 |
               +--------+--------+--------+--------+--------+-----+--------+

Top non-repeatable levels by time:
     D:9: 1847 daAuts
     D:6: 1513 daAuts
     D:8: 1499 daAuts
     D:5: 1415 daAuts
     D:1: 1095 daAuts
     D:3: 1083 daAuts
     D:2: 1063 daAuts
   Orc:1: 958 daAuts
     D:4: 928 daAuts
     D:7: 908 daAuts
  Lair:1: 871 daAuts
  Lair:2: 727 daAuts
   Orc:2: 187 daAuts
 Volcano: 181 daAuts
  Temple: 161 daAuts
